 Dungeon Crawl Stone Soup version 0.22-a0-542-gce4f928 (webtiles) character file.

3549 kae the Martial Artist (level 9, -1/69 HPs)
             Began as a Demonspawn Transmuter on June 24, 2018.
             Was an Initiate of Okawaru.
             Killed by divine providence
             ... invoked by an orc priest
              (11 damage)
             ... on level 9 of the Dungeon.
             The game lasted 00:09:38 (10730 turns).

kae the Martial Artist (Demonspawn Transmuter)     Turns: 10730, Time: 00:09:40

Health: -1/69      AC:  4    Str: 17    XL:     9   Next: 83%
Magic:  16/17      EV: 14    Int: 14    God:    Okawaru [......]
Gold:   237        SH:  0    Dex: 16    Spells: 13/19 levels left

rFire    + + .     SeeInvis .     - Unarmed
rCold    . . .     Gourm    .   (no shield)
rNeg     . . .     Faith    .   m - +1 leather armour of Moral Flaws {rF++} (curse)
rPois    .         Spirit   .   (no helmet)
rElec    .         Reflect  .   (no cloak)
rCorr    .         Harm     .   (no gloves)
MR       .....                  (no boots)
Stlth    +++.......             (no amulet)
HPRegen  0.21/turn              (no ring)
MPRegen  0.15/turn              (no ring)

@: confused, mighty
A: repulsion field 1, nightstalker 2, powered by pain 1
a: Renounce Religion


You were on level 9 of the Dungeon.
You worshipped Okawaru.
Okawaru was noncommittal.
You were not hungry.

You visited 2 branches of the dungeon, and saw 10 of its levels.

You collected 408 gold pieces.
You spent 171 gold pieces at shops.

Inventory:

Missiles
 a - 200 arrows
Armour
 b - a +0 robe
 e - a +1 leather armour
 m - the cursed +1 leather armour of Moral Flaws (worn) {rF++}
   (You found it on level 8 of the Dungeon)

   It greatly protects you from fire.
   It has a curse placed upon it.
 u - the +1 robe of the Aged Mice {rPois}
   (You bought it in a shop on level 6 of the Dungeon)

   It protects you from poison.
Jewellery
 j - an uncursed ring of protection from cold
Wands
 o - a wand of iceblast (2)
 v - a wand of paralysis (16)
 y - a wand of polymorph (6)
Scrolls
 h - 3 scrolls of magic mapping
 i - 2 scrolls of amnesia
 l - a scroll of remove curse
 n - 2 scrolls of enchant armour
 q - a scroll of teleportation
 s - a scroll of fog
 t - a scroll of identify
Potions
 c - 4 potions of brilliance
 f - a potion of might
 k - a potion of curing
 p - a potion of agility
 x - a potion of ambrosia
Comestibles
 d - 12 rations
 w - 6 chunks of flesh


   Skills:
 + Level 5.7 Fighting
 - Level 1.7 Dodging
 * Level 8.0 Unarmed Combat
 + Level 5.5 Spellcasting
 * Level 7.7 Transmutations


You had 13 spell levels left.
You knew the following spells:

 Your Spells              Type           Power        Failure   Level  Hunger
a - Beastly Appendage     Tmut           ####..       1%          1    None
b - Sticks to Snakes      Tmut           ####....     1%          2    ##.....
c - Spider Form           Tmut/Pois      ##........   12%         3    ###....

Your spell library contained the following spells:

 Spells                   Type           Power        Failure   Level  Hunger
 Blade Hands              Tmut           ####......   24%         5    ######.
 Ice Form                 Ice/Tmut       ##......     38%         4    ####...


Dungeon Overview and Level Annotations

Branches:
Dungeon (9/15)             Temple (1/1) D:5
   Lair: D:8-11         Orc: D:9-12

Altars:
Ashenzari
Cheibriados
Dithmenos
Elyvilon
Fedhas
Gozag
Hepliaklqana
Kikubaaqudgha
Makhleb
Nemelex Xobeh
Okawaru
Qazlal
Ru
Sif Muna
Trog
Uskayaw
Vehumet
Wu Jian
Xom
Yredelemnul
Zin
The Shining One

Shops:
D:6 [   D:7 =   D:8 *   D:9 =


Innate Abilities, Weirdness & Mutations

You are surrounded by a mild repulsion field. (EV +2)
You are significantly more attuned to the shadows.
You sometimes gain a little power by taking damage.


Message History

You bite the orc wizard!
The orc wizard is poisoned.
The orc wizard is heavily wounded.
The orc priest completely misses you.
You closely miss the orc priest.
Your transformation has ended.
The cursed +1 leather armour of Moral Flaws {rF++} unmelds from your body.
The orc wizard barely misses you.
The orc priest calls upon Beogh to heal the orc wizard.
The orc wizard is healed somewhat.
You punch the orc wizard!
You kill the orc wizard!
Okawaru accepts your kill.
Your Unarmed Combat skill increases to level 8!
The orc priest invokes the aid of Beogh against you.
Beogh smites you!
* * * LOW HITPOINT WARNING * * *
You closely miss the orc priest.
The orc priest invokes the aid of Beogh against you.
Beogh smites you!
You die...

.## #. ...
#.#######.###
............#
#.....[...#.#
#....)).#.#.#
#.....o..∩..#
#......@#.###
#.........#####
...............
..#######.#####
.. #.# #.# #.#
#.######
#.†.....


You could see an orc priest.

Vanquished Creatures
  Prince Ribbit (D:5)
  Sigmund (D:3)
  A hungry ghost (D:7)
  Eustachio (D:5)
  Menkaure (D:6)
  Edmund (D:6)
  3 orc warriors
  2 sky beasts
  3 ogres
  3 centaurs
  A big kobold (D:7)
  3 bullfrogs
  A scorpion (D:8)
  4 wights (D:7)
  3 crimson imps
  2 centaur zombies
  2 centaur skeletons
  A jelly (D:5)
  5 orc wizards
  4 orc priests
  An iguana (D:6)
  10 worker ants
  A hound skeleton (D:8)
  A worker ant zombie (D:7)
  14 gnolls
  11 adders
  A shadow imp (D:5)
  3 oozes
  2 worms
  2 dart slugs
  6 leopard geckos
  31 orcs
  5 bats
  6 giant cockroaches
  8 goblins
  5 hobgoblins
  10 jackals
  6 quokkas
  2 ball pythons
  11 frilled lizards
  A jackal skeleton (D:4)
  12 kobolds
  2 leopard gecko skeletons
  A leopard gecko zombie (D:5)
  A quokka skeleton (D:6)
  3 rats
199 creatures vanquished.

Vanquished Creatures (collateral kills)
  A worker ant (D:4)
  3 adders
  A gnoll (D:2)
  A leopard gecko (D:5)
  A ball python (D:2)
7 creatures vanquished.

Grand Total: 206 creatures vanquished

Notes
Turn   | Place    | Note
-------+----------+-------------------------------------------
     0 | D:1      | kae the Demonspawn Transmuter began the quest for the Orb.
     0 | D:1      | Reached XP level 1. HP: 15/15 MP: 3/3
   334 | D:1      | Gained mutation: You are surrounded by a mild repulsion field. (EV +2) [demonic ancestry]
   334 | D:1      | Reached XP level 2. HP: 17/21 MP: 3/5
   522 | D:1      | Reached skill level 3 in Unarmed Combat
   854 | D:1      | Learned a level 2 spell: Sticks to Snakes
  1063 | D:2      | Gained mutation: You are slightly more attuned to the shadows. [demonic ancestry]
  1063 | D:2      | Reached XP level 3. HP: 24/26 MP: 4/6
  1068 | D:2      | Learned a level 3 spell: Spider Form
  1936 | D:2      | Reached XP level 4. HP: 17/33 MP: 4/7
  2519 | D:2      | Found a white marble altar of Elyvilon.
  2767 | D:2      | Found a shimmering altar of Xom.
  3053 | D:3      | Gained mutation: You are significantly more attuned to the shadows. [demonic ancestry]
  3053 | D:3      | Reached XP level 5. HP: 35/38 MP: 8/8
  3111 | D:3      | Noticed Sigmund
  3135 | D:3      | Killed Sigmund
  3135 | D:3      | Reached skill level 4 in Unarmed Combat
  3135 | D:3      | Reached XP level 6. HP: 10/46 MP: 7/10
  3722 | D:3      | HP: 1/46 [gnoll/flail (8)]
  4247 | D:3      | Found an ornate altar of the Wu Jian Council.
  5196 | D:4      | HP: 1/47 [orc wizard/puff of frost (6)]
  5198 | D:4      | Gained mutation: You sometimes gain a little power by taking damage. [demonic ancestry]
  5198 | D:4      | Reached XP level 7. HP: 1/52 MP: 11/11
  5442 | D:4      | Found an ancient bone altar of Kikubaaqudgha.
  5887 | D:4      | Reached skill level 5 in Unarmed Combat
  6020 | D:5      | Entered Level 5 of the Dungeon
  6347 | D:5      | Found a staircase to the Ecumenical Temple.
  6360 | Temple   | Entered the Ecumenical Temple
  6711 | D:5      | Noticed Eustachio
  6723 | D:5      | Killed Eustachio
  6723 | D:5      | Reached skill level 5 in Transmutations
  6916 | D:5      | Reached XP level 8. HP: 43/60 MP: 9/13
  7031 | D:5      | Noticed Prince Ribbit
  7046 | D:5      | Killed Prince Ribbit
  7310 | D:5      | Found a burning altar of Makhleb.
  7312 | D:5      | Noticed a balrug
  7484 | D:6      | Reached skill level 6 in Unarmed Combat
  7547 | D:6      | Noticed Edmund
  7561 | D:6      | Killed Edmund
  7768 | D:6      | Found a shattered altar of Ashenzari.
  7781 | D:6      | Noticed Menkaure
  7793 | D:6      | Killed Menkaure
  7978 | D:6      | Found Igayhud's Antique Armour Boutique.
  8132 | D:6      | Bought a ripped robe for 171 gold pieces
  8142 | D:6      | Identified the +1 robe of the Aged Mice {rPois} (You bought it in a shop on level 6 of the Dungeon)
  8350 | D:7      | Reached XP level 9. HP: 44/66 MP: 14/16
  8974 | D:7      | HP: 3/67 [orc warrior/hand axe of chopping (8)]
  8979 | D:7      | Reached skill level 5 in Fighting
  8979 | D:7      | Reached skill level 7 in Unarmed Combat
  9334 | D:7      | Reached skill level 5 in Spellcasting
  9559 | D:7      | Found a glowing golden altar of the Shining One.
  9681 | D:7      | Found Wabruff's Jewellery Emporium.
  9831 | D:8      | Got a dazzling leather armour
  9842 | D:8      | Identified the cursed +1 leather armour of Moral Flaws {rF++} (You found it on level 8 of the Dungeon)
  9941 | D:8      | Found a sparkling altar of Nemelex Xobeh.
  9988 | D:8      | Found an iron altar of Okawaru.
 10038 | D:8      | Became a worshipper of Warmaster Okawaru
 10081 | D:8      | Found Zin's Purification Station.
 10087 | D:8      | Found a glowing silver altar of Zin.
 10705 | D:9      | Found Uhisu's Jewellery Boutique.
 10728 | D:9      | Reached skill level 8 in Unarmed Combat
 10730 | D:9      | Killed from afar by an orc priest

Vault maps used:
D:1:      scummos_arrival_hexagon
D:2:      overflow_temple_1_default, lemuel_coloured_pillars_altar,
          minmay_misc_feat_four_crosses
D:3:      overflow_temple_1_default, first_ration, minmay_misc_feat_nine_boxes,
          nrook_mini_vaults, uniq_sigmund
D:4:      kiku_gazebo_garden_becter, serial_forest,
          infiniplex_forest_straight_2, infiniplex_forest_end_2,
          infiniplex_forest_clump_curved, infiniplex_forest_clump_small,
          infiniplex_forest_straight_3, infiniplex_forest_clump_curved,
          infiniplex_forest_straight_4, infiniplex_forest_clump_small
D:5:      makhleb_altar_promises_db, minmay_temple_entry_nine_rooms,
          uniq_prince_ribbit1, uniq_eustachio
D:6:      evilmike_ruin_ashenzari, serial_shops, shop, uniq_menkaure,
          uniq_edmund
D:7:      tso_metal_star, serial_shops, kennysheep_mini_moat
D:8:      nemelex_xobeh_ov_fountains_minmay, zin_purify, lemuel_crystal_altar
D:9:      serial_shops, nicolae_shop_crystal
Temple:   minmay_temple_bridge_abc

Skill      XL: |  1  2  3  4  5  6  7  8  9 |
---------------+----------------------------+-----
Transmutations | 2 3 4 5 6 7 |  7.7
Unarmed Combat | 3 4 5 6 8 |  8.0
Fighting       | 2 3 4 5 |  5.7
Spellcasting   | 3 4 5 |  5.5
Dodging        | |  1.7

Action                   |  1- 3 |  4- 6 |  7- 9 || total
-------------------------+-------+-------+-------++-------
Melee: Unarmed           |   137 |   267 |   457 ||   861
       Kick              |     6 |       |       ||     6
       Punch             |     2 |     3 |     2 ||     7
       Headbutt          |     4 |     2 |     1 ||     7
 Cast: Beastly Appendage |    10 |     2 |     2 ||    14
       Sticks to Snakes  |     2 |    10 |     5 ||    17
       Spider Form       |     1 |    11 |    39 ||    51
Evoke: Wand              |       |     1 |     4 ||     5
  Use: Scroll            |       |    12 |     6 ||    18
       Potion            |       |     3 |     6 ||     9
 Stab: Sleeping          |     1 |     9 |    12 ||    22
       Distracted        |       |     2 |     2 ||     4
  Eat: Ration            |     1 |       |     3 ||     4
       Chunk             |       |    13 |    17 ||    30
Armor: Leather armour    |    19 |    36 |    18 ||    73
       Robe              |     1 |       |     6 ||     7
       Skin              |       |     9 |    19 ||    28
Dodge: Dodged            |    79 |   203 |   341 ||   623

Table legend:
 A = Spawn XP
 B = Non-spawn XP
 C = Spawn XP percentage of total XP
 D = Spawn monster count
 E = Non-spawn monster count
 F = Spawn count percentage of total count
 G = Total turns spent on level
                    A         B        C        D         E        F      G
               +---------+---------+-------+---------+---------+-------+---------
         Total |       0 |    5070 |   0.0 |       0 |     206 |   0.0 | 10730
               +---------+---------+-------+---------+---------+-------+---------
           D:1 |       0 |      32 |   0.0 |       0 |      19 |   0.0 |   882
           D:2 |       0 |     119 |   0.0 |       0 |      27 |   0.0 |  1929
           D:3 |       0 |     362 |   0.0 |       0 |      32 |   0.0 |  1594
           D:4 |       0 |     435 |   0.0 |       0 |      24 |   0.0 |  1615
           D:5 |       0 |     836 |   0.0 |       0 |      35 |   0.0 |  1118
           D:6 |       0 |     842 |   0.0 |       0 |      15 |   0.0 |   853
           D:7 |       0 |    1269 |   0.0 |       0 |      29 |   0.0 |  1592
           D:8 |       0 |     910 |   0.0 |       0 |      20 |   0.0 |   859
           D:9 |       0 |     265 |   0.0 |       0 |       5 |   0.0 |    47
               +---------+---------+-------+---------+---------+-------+---------
